 Dungeon Sprint DCSS version 0.30.1-11-g7821555f0a (webtiles) character file.

Game seed: 7409084960318898329

14 Groucho the Magician (level 2, -1/21 HPs)
             Began as a Djinni Earth Elementalist on Dec 24, 2023.
             Was a Follower of Dithmenos.
             Slain by a gnoll
             ... wielding a +0 whip
              (6 damage)
             ... in the Dungeon (Sprint VII: "The Pits").
             The game lasted 00:00:41 (312 turns).

Groucho the Magician (Djinni Earth Elementalist)     Turns: 312, Time: 00:00:43

Health: -1/21      AC:  2    Str:  7    XL:     2   Next: 55%
Gold:   0          EV: 12    Int: 16    God:    Dithmenos [*.....] SH:  0 Dex: 13

rFire   + + .        g - +2 dagger
rCold   x . .        (no shield)
rNeg    . . .        a - +0 robe
rPois   ∞            (no helmet)
rElec   .            (no cloak)
rCorr   .            (no gloves)
SInv    .            (boots unavailable)
Will    .....        (no amulet)
Stlth   ++           (no ring)
HPRegen 0.23/turn    (no ring)
MPRegen 0.00/turn

%: no teleportation, infuse magic (-2 HP)
@: flying, wreathed by umbra
A: sickness immunity, fire resistance 2, cold vulnerability 1, float, innate
caster, HP casting, extra vitality 1
a: Renounce Religion


You were in the Dungeon.
You worshipped Dithmenos.
Dithmenos was aware of your devotion.
You visited 1 branch

Inventory:

Hand Weapons
 g - a +2 dagger (weapon)
Armour
 a - a +0 robe (worn)
Scrolls
 f - a scroll of blinking
 i - a scroll of summoning
Potions
 b - a potion of curing
 c - a potion of heal wounds
 d - a potion of haste
 e - 3 potions of berserk rage
 h - 2 potions of invisibility


   Skills:
 - Level 2.1 Dodging
 - Level 1.5 Stealth
 + Level 4.3 Spellcasting


You knew the following spells:

 Your Spells              Type           Power      Damage    Failure   Level
a - Sandblast             Erth           34%        2d9       2%          1
b - Passwall              Tmut/Erth      14%        N/A       4%          2
c - Stone Arrow           Conj/Erth      34%        3d9       9%          3
d - Petrify               Tmut/Erth      17%        N/A       26%         4
Your spell library was empty.

Dungeon Overview and Level Annotations

Branches:
Dungeon (1/1)

Altars:
Ashenzari
Cheibriados
Dithmenos
Elyvilon
Fedhas
Gozag
Hepliaklqana
Makhleb
Nemelex Xobeh
Okawaru
Qazlal
Ru
Trog
Uskayaw
Wu Jian
Xom
Yredelemnul
Zin
The Shining One
Jiyva
Lugonu


Innate Abilities, Weirdness & Mutations

You are immune to sickness and miasma.
You are immune to poison.
Your flesh is very heat resistant. (rF++)
You are vulnerable to cold. (rC-)
You float through the air rather than walking.
You learn spells naturally, not from books.
Your magical power is your life essence.
You have superior vitality. (+4 MHP)


Message History

Aim: a gnoll, wielding a +0 whip (umbra, 84% to hit)
The blast of sand misses the gnoll.
The gnoll closely misses you. The gnoll hits you with a +0 whip.
Unknown command.
Casting: Sandblast (safe; 2% risk of failure)
Confirm with . or Enter, or press ? or * to list all spells.
Aiming: Sandblast (safe; 2% risk of failure)
Press: ? - help, Shift-Dir - straight line, f/p - gnoll
Aim: a gnoll, wielding a +0 whip (umbra, 84% to hit)
The blast of sand hits the gnoll.
The gnoll is moderately wounded.
The gnoll hits you with a +0 whip.
Unknown command.
Casting: Sandblast (safe; 2% risk of failure)
Confirm with . or Enter, or press ? or * to list all spells.
Aiming: Sandblast (safe; 2% risk of failure)
Press: ? - help, Shift-Dir - straight line, f/p - gnoll
Aim: a gnoll, wielding a +0 whip (moderately wounded, umbra, 84% to hit)
The blast of sand hits the gnoll.
The gnoll is heavily wounded.
The gnoll closely misses you. The gnoll misses you.
Your magical contamination has completely faded away.
Casting: Sandblast (safe; 2% risk of failure)
Confirm with . or Enter, or press ? or * to list all spells.
Aiming: Sandblast (safe; 2% risk of failure)
Press: ? - help, Shift-Dir - straight line, f/p - gnoll
Aim: a gnoll, wielding a +0 whip (heavily wounded, umbra, 84% to hit)
The blast of sand hits the gnoll.
The gnoll is almost dead.
The gnoll hits you with a +0 whip.
* * * LOW HITPOINT WARNING * * *
Casting: Sandblast (safe; 2% risk of failure)
Confirm with . or Enter, or press ? or * to list all spells.
Aiming: Sandblast (safe; 2% risk of failure)
Press: ? - help, Shift-Dir - straight line, f/p - gnoll
Aim: a gnoll, wielding a +0 whip (almost dead, umbra, 84% to hit)
The blast of sand misses the gnoll.
* * * LOW HITPOINT WARNING * * *
The gnoll hits you with a +0 whip.
You die...

#_________.#
#_______...###########+
##########'##..........
#.?(!')))'.##......#..#
##########.##..........
#.........).'..........
+#####'#####......#..#
#..#..#..##..........
#.)g@.'÷.#####'#####+
##+####+###.......#
#.......# #.......#
#...<...# #.......#
#.......# #.......#
#########


You could see a gnoll.

Vanquished Creatures
  A river rat (D)
  An orc (D)
  A quokka (D)
  A goblin (D)
  A rat (D)
5 creatures vanquished.

Notes
Turn   | Place    | Note
-------+----------+-------------------------------------------
     0 | D        | Groucho the Djinni Earth Elementalist began the quest for
                  | the Orb.
     0 | D        | Groucho set off with the following spells memorised:
                  | Sandblast, Passwall, Stone Arrow, Petrify.
     0 | D        | Reached XP level 1. HP: 15/15 MP: 0/0
    10 | D        | Reached skill level 3 in Spellcasting
    40 | D        | Found a bloodstained altar of Trog.
    40 | D        | Found a viscous altar of Jiyva.
    40 | D        | Found a hazy altar of Hepliaklqana.
    40 | D        | Found an opulent altar of Gozag.
    41 | D        | Found a glowing golden altar of the Shining One.
    41 | D        | Found a glowing silver altar of Zin.
    41 | D        | Found a basalt altar of Yredelemnul.
    41 | D        | Found a shimmering altar of Xom.
    41 | D        | Found an ornate altar of the Wu Jian Council.
    41 | D        | Found a sacrificial altar of Ru.
    41 | D        | Found a stormy altar of Qazlal.
    41 | D        | Found an iron altar of Okawaru.
    41 | D        | Found a sparkling altar of Nemelex Xobeh.
    41 | D        | Found a burning altar of Makhleb.
    41 | D        | Found a blossoming altar of Fedhas.
    41 | D        | Found a white marble altar of Elyvilon.
    41 | D        | Found a shadowy altar of Dithmenos.
    41 | D        | Found a snail-covered altar of Cheibriados.
    44 | D        | Found a corrupted altar of Lugonu.
    45 | D        | Found a hide-covered altar of Uskayaw.
    45 | D        | Found a broken altar of Ashenzari.
    51 | D        | Became a worshipper of Dithmenos the Shadowed
    74 | D        | Reached * piety under Dithmenos
    75 | D        | Reached skill level 4 in Spellcasting
    75 | D        | Reached XP level 2. HP: 20/21 MP: 0/0
   312 | D        | Slain by a gnoll

Illustrated notes

Levels and vault maps discovered:
D:        pitsprint [storerooms_1, entrance_room_1, metal_vault_5, armoury_1,
          mini_pit_1, grid_room_1, main_hall_1, silver_pit, the_coven_3,
          the_vestibule_1, steel_vault_5, golden_pit, hallway_of_sentries,
          crystal_vault_6, iron_vault_2, final_vault]

Skill      XL: |  1 |
---------------+----+-----
Spellcasting   | 4 |  4.3
Dodging        | |  2.1
Stealth        | |  1.5

Action                     || total
---------------------------++-------
  Melee: Dagger            ||     2
   Cast: Sandblast         ||     9
   Stab: Sleeping          ||     2
  Dodge: Dodged            ||     5
